 Dungeon Crawl Stone Soup version 0.26-a0-1205-g4083c211ab (webtiles) character file.

Game seed: 3364370671699648579

3516 Gargoyl the Fighter (level 10, -7/80 HPs)
             Began as a Gnoll Abyssal Knight on Dec 27, 2020.
             Was an Elder of Lugonu.
             Mangled by an orc warrior
             ... wielding a +0 short sword
              (13 damage)
             ... on level 8 of the Dungeon on Dec 29, 2020.
             The game lasted 00:14:49 (7839 turns).

Gargoyl the Fighter (Gnoll Abyssal Knight)          Turns: 7839, Time: 00:14:50

Health: -7/80      AC: 14    Str: 18    XL:     10   Next: 8%
Magic:  17/17      EV: 14    Int: 20    God:    Lugonu [****..]
Gold:   464        SH:  0    Dex: 15    Spells: 18/18 levels left

rFire    . . .     SeeInvis +   e - +4 short sword of Dull Integrity {vorpal, +Blink rPois}
rCold    . . .     Faith    .   (no shield)
rNeg     . . .     Spirit   .   c - +3 ring mail "Qumedar" {SInv}
rPois    +         Reflect  .   w - +2 helmet
rElec    .         Harm     .   (no cloak)
rCorr    .         Rampage  .   (no gloves)
Will     .....                  j - +0 pair of boots
Stlth    ++........             o - amulet of the acrobat
HPRegen  0.23/turn              b - +6 ring of intelligence
MPRegen  0.15/turn              (no ring)

@: no status effects
A: distributed training, fangs 1, strong nose
a: Renounce Religion, Evoke Blink, Depart the Abyss, Bend Space, Banish, Corrupt


You were on level 8 of the Dungeon.
You worshipped Lugonu.
Lugonu was greatly pleased with you.
You visited 1 branch of the dungeon, and saw 8 of its levels.
You visited the Abyss 1 time.

You collected 464 gold pieces.

Inventory:

Hand Weapons
 a - a +1 hand axe
 e - the +4 short sword of Dull Integrity (weapon) {vorpal, +Blink rPois}
   (You found it on level 2 of the Abyss)

   It inflicts extra damage upon your enemies.
   It protects you from poison.
   It lets you blink.
 h - a +0 hand axe of venom
 l - a +0 broad axe
Missiles
 m - 31 poisoned darts (quivered)
Armour
 c - the +3 ring mail "Qumedar" (worn) {SInv}
   (You found it on level 2 of the Abyss)

   It lets you see invisible.
 j - a +0 pair of boots (worn)
 w - a +2 helmet (worn)
Jewellery
 b - a +6 ring of intelligence (left hand)
 o - an amulet of the acrobat (around neck)
Wands
 k - a wand of iceblast (3)
 t - a wand of paralysis (6)
 u - a wand of polymorph (9)
 y - a wand of flame (11)
Scrolls
 d - a scroll of silence
 g - 4 scrolls of remove curse
 n - a scroll of immolation
 p - a scroll of fog
 s - a scroll of fear
 v - a scroll of teleportation
 x - a scroll of magic mapping
Potions
 f - 2 potions of magic
 i - a potion of berserk rage
 q - a potion of ambrosia
 r - a potion of might {unknown}
 z - 2 potions of brilliance {unknown}


   Skills:
 + Level 8.3 Fighting
 + Level 4.9 Short Blades
 + Level 4.9 Long Blades
 + Level 6.8 Axes
 + Level 4.9 Maces & Flails
 + Level 4.9 Polearms
 + Level 4.9 Staves
 + Level 4.9 Slings
 + Level 4.9 Bows
 + Level 4.9 Crossbows
 + Level 4.9 Throwing
 + Level 6.8 Armour
 + Level 5.6 Dodging
 + Level 4.9 Stealth
 + Level 4.9 Shields
 + Level 4.9 Unarmed Combat
 + Level 4.9 Spellcasting
 + Level 4.0 Conjurations
 + Level 4.0 Hexes
 + Level 4.0 Summonings
 + Level 4.0 Necromancy
 + Level 4.0 Translocations
 + Level 4.0 Transmutations
 + Level 4.0 Fire Magic
 + Level 4.0 Ice Magic
 + Level 4.0 Air Magic
 + Level 4.0 Earth Magic
 + Level 4.0 Poison Magic
 + Level 7.2 Invocations
 + Level 4.9 Evocations


You had 18 spell levels left.
You didn't know any spells.
Your spell library was empty.

Dungeon Overview and Level Annotations

Branches:
Dungeon (8/15)             Temple (0/1) D:6
   Lair: D:8-11

Altars:
Fedhas
Hepliaklqana
Makhleb
Okawaru
Qazlal
Trog
Uskayaw
Wu Jian


Innate Abilities, Weirdness & Mutations

Your experience applies equally to all skills.
You have very sharp teeth.
Your uncanny sense of smell can sniff out nearby items.


Message History

The orc warrior hits you with a +0 short sword.
You hit the orc warrior but do no damage.
You bite the orc warrior, but do no damage.
The orc warrior is severely wounded.
The orc warrior hits you with a +0 short sword.
* * * LOW HITPOINT WARNING * * *
Unknown command.
You hit the orc warrior but do no damage.
You bite the orc warrior, but do no damage.
The orc warrior is severely wounded.
Unknown command.
You hit the orc warrior.
The orc warrior is almost dead.
The orc warrior hits you with a +0 short sword!
* * * LOW HITPOINT WARNING * * *
You closely miss the orc warrior.
You bite the orc warrior, but do no damage.
The orc warrior is almost dead.
The orc warrior hits you with a +0 short sword!
You die...

..# ###### #.# .....#
#.# .....#### #.#
........# #.# #######
........# #.# ......#
.#......# #.# ##......#
.###########.###.......#
.'.............)@..>...#
.#..########..##o......#
.##+#### #..###.......
.#.....# #..# .......
##.....# #..# .......
#.....# #..# ####... ∆
#.....# #..##########
#.....# #.........##
#.....# #..####....#


You could see an orc warrior.

Vanquished Creatures
  Joseph (D:7)
  A hornet (D:8)
  Sigmund (D:5)
  Menkaure (D:7)
  A water moccasin (D:6)
  An ice beast (D:5)
  A black bear (D:4)
  2 phantoms
  An orc warrior (D:8)
  A sky beast (D:8)
  6 ogres
  2 centaurs (D:5)
  2 bullfrogs
  A water moccasin zombie (D:5)
  3 scorpions
  4 wights
  2 howler monkeys (D:5)
  A centaur zombie (D:7)
  4 hounds
  A centaur skeleton (D:5)
  An orc priest (D:3)
  A gnoll shaman (D:4)
  3 iguanas
  6 worker ants
  A hound skeleton (D:7)
  7 gnolls (D:4)
  A worker ant zombie (D:7)
  17 adders
  A shadow imp (D:6)
  2 white imps
  An ufetubus (D:7)
  An ooze (D:1)
  2 adder zombies
  An adder skeleton (D:5)
  3 worms
  3 dart slugs
  7 leopard geckos
  28 orcs
  7 giant cockroaches
  10 goblins
  8 hobgoblins
  9 jackals
  6 kobolds
  3 quokkas
  9 bats
  10 frilled lizards
  A leopard gecko skeleton (D:6)
  A quokka zombie (D:6)
  3 rats (D:2)
190 creatures vanquished.

Vanquished Creatures (others)
  7 plants (D:2)
7 creatures vanquished.

Grand Total: 197 creatures vanquished

Notes
Turn   | Place    | Note
-------+----------+-------------------------------------------
     0 | Abyss:1  | Gargoyl the Gnoll Abyssal Knight began the quest for the
                  | Orb.
     0 | Abyss:1  | Reached XP level 1. HP: 23/23 MP: 3/3
    40 | Abyss:2  | Got a polished ring mail
    51 | Abyss:2  | Identified the +3 ring mail "Qumedar" {SInv} (You found it
                  | on level 2 of the Abyss)
    54 | Abyss:2  | Found a corrupted altar of Lugonu.
    90 | Abyss:2  | Got a dazzling short sword
    91 | Abyss:2  | Identified the +4 short sword of Dull Integrity {vorpal,
                  | +Blink rPois} (You found it on level 2 of the Abyss)
   113 | Abyss:2  | Noticed a thrashing horror
   114 | Abyss:2  | Noticed a large abomination
   116 | D:1      | Escaped the Abyss
   234 | D:1      | Reached XP level 2. HP: 29/29 MP: 5/5
   403 | D:1      | Reached * piety under Lugonu
   731 | D:2      | Reached XP level 3. HP: 35/35 MP: 6/6
   904 | D:2      | Reached skill level 1 in Short Blades
   904 | D:2      | Reached skill level 1 in Long Blades
   904 | D:2      | Reached skill level 1 in Maces & Flails
   904 | D:2      | Reached skill level 1 in Polearms
   904 | D:2      | Reached skill level 1 in Staves
   904 | D:2      | Reached skill level 1 in Slings
   904 | D:2      | Reached skill level 1 in Bows
   904 | D:2      | Reached skill level 1 in Crossbows
   904 | D:2      | Reached skill level 1 in Throwing
   904 | D:2      | Reached skill level 1 in Stealth
   904 | D:2      | Reached skill level 1 in Shields
   904 | D:2      | Reached skill level 1 in Unarmed Combat
   904 | D:2      | Reached skill level 1 in Spellcasting
   904 | D:2      | Reached skill level 1 in Evocations
   916 | D:2      | Reached XP level 4. HP: 35/41 MP: 7/7
   983 | D:2      | Found a stormy altar of Qazlal.
  1098 | D:2      | Reached ** piety under Lugonu
  1489 | D:2      | Found an iron altar of Okawaru.
  1490 | D:2      | Found a hazy altar of Hepliaklqana.
  1582 | D:2      | Reached skill level 1 in Conjurations
  1582 | D:2      | Reached skill level 1 in Hexes
  1582 | D:2      | Reached skill level 1 in Summonings
  1582 | D:2      | Reached skill level 1 in Necromancy
  1582 | D:2      | Reached skill level 1 in Translocations
  1582 | D:2      | Reached skill level 1 in Transmutations
  1582 | D:2      | Reached skill level 1 in Fire Magic
  1582 | D:2      | Reached skill level 1 in Ice Magic
  1582 | D:2      | Reached skill level 1 in Air Magic
  1582 | D:2      | Reached skill level 1 in Earth Magic
  1582 | D:2      | Reached skill level 1 in Poison Magic
  1608 | D:3      | Reached XP level 5. HP: 21/47 MP: 8/8
  1798 | D:3      | Found an iron altar of Okawaru.
  2323 | D:4      | Reached skill level 5 in Invocations
  2325 | D:4      | Reached XP level 6. HP: 53/53 MP: 9/9
  2351 | D:4      | Reached *** piety under Lugonu
  2390 | D:4      | Noticed a black bear
  2398 | D:4      | Killed a black bear
  2399 | D:4      | Reached skill level 5 in Axes
  2399 | D:4      | Reached skill level 5 in Armour
  2507 | D:4      | Reached XP level 7. HP: 45/59 MP: 10/10
  2533 | D:4      | Reached skill level 7 in Fighting
  3442 | D:5      | Entered Level 5 of the Dungeon
  3676 | D:5      | Reached XP level 8. HP: 67/67 MP: 12/12
  3785 | D:5      | Noticed Sigmund
  3786 | D:5      | Found a blossoming altar of Fedhas.
  3802 | D:5      | Killed Sigmund
  3811 | D:5      | Reached **** piety under Lugonu
  4412 | D:5      | Reached XP level 9. HP: 41/67 MP: 14/14
  4980 | D:6      | Found a staircase to the Ecumenical Temple.
  5291 | D:6      | Upgraded the game from 0.26-a0-1161-g0398aca569 to
                  | 0.26-a0-1205-g4083c211ab
  5742 | D:7      | Noticed Menkaure
  5983 | D:7      | Killed Menkaure
  5984 | D:7      | Reached skill level 5 in Dodging
  6191 | D:7      | Noticed Joseph
  6205 | D:7      | Killed Joseph
  6206 | D:7      | Reached skill level 8 in Fighting
  6659 | D:7      | Found an ornate altar of the Wu Jian Council.
  6664 | D:7      | Found a burning altar of Makhleb.
  6683 | D:7      | Found a hide-covered altar of Uskayaw.
  6926 | D:8      | Noticed a hornet
  6952 | D:8      | Killed a hornet
  7143 | D:8      | Found a bloodstained altar of Trog.
  7403 | D:8      | Reached XP level 10. HP: 71/80 MP: 17/17
  7839 | D:8      | Mangled by an orc warrior

Illustrated notes

Levels and vault maps discovered:
D:1:      saegor_arrival_simple_d, layout_loops_cross,
          ebering_dispersal_statue_hall, st_stairs_10
D:2:      layout_loops_ring, grunt_qazlal_sundering,
          gammafunk_temple_overflow_pools, grunt_decor_one_mirror,
          minmay_lizard_king
D:3:      layout_basic, lemuel_tele_altar
D:4:      layout_loops_ring
D:5:      layout_cave_pools, fedhas_ov_isle_minmay, uniq_sigmund
D:6:      layout_basic, minmay_temple_entry_metal_lava, grunt_ministairs_9,
          lemuel_statue_altar
D:7:      layout_loops_ring, minmay_overflow_temple_star_quad,
          kennysheep_opposing_triangles, uniq_joseph, uniq_menkaure
D:8:      layout_basic, basic_altar

Skill      XL: |  1  2  3  4  5  6  7  8  9 10 |
---------------+-------------------------------+-----
Short Blades   | 1 2 3 4 |  4.9
Long Blades    | 1 2 3 4 |  4.9
Maces & Flails | 1 2 3 4 |  4.9
Polearms       | 1 2 3 4 |  4.9
Staves         | 1 2 3 4 |  4.9
Slings         | 1 2 3 4 |  4.9
Bows           | 1 2 3 4 |  4.9
Crossbows      | 1 2 3 4 |  4.9
Throwing       | 1 2 3 4 |  4.9
Stealth        | 1 2 3 4 |  4.9
Shields        | 1 2 3 4 |  4.9
Unarmed Combat | 1 2 3 4 |  4.9
Spellcasting   | 1 2 3 4 |  4.9
Evocations     | 1 2 3 4 |  4.9
Conjurations   | 1 2 3 4 |  4.0
Hexes          | 1 2 3 4 |  4.0
Summonings     | 1 2 3 4 |  4.0
Necromancy     | 1 2 3 4 |  4.0
Translocations | 1 2 3 4 |  4.0
Transmutations | 1 2 3 4 |  4.0
Fire Magic     | 1 2 3 4 |  4.0
Ice Magic      | 1 2 3 4 |  4.0
Air Magic      | 1 2 3 4 |  4.0
Earth Magic    | 1 2 3 4 |  4.0
Poison Magic   | 1 2 3 4 |  4.0
Dodging        | 3 4 5 |  5.6
Invocations    | 5 6 7 |  7.2
Axes           | 5 6 |  6.8
Armour         | 5 6 |  6.8
Fighting       | 7 8 |  8.3

Action                   |  1- 3 |  4- 6 |  7- 9 | 10-12 || total
-------------------------+-------+-------+-------+-------++-------
Melee: Short sword       |   102 |   168 |   395 |    74 ||   739
       Bite              |    11 |    13 |    44 |    13 ||    81
       Punch             |       |       |    14 |     1 ||    15
Throw: Dart              |       |       |     8 |       ||     8
Invok: Depart the Abyss  |     1 |       |       |       ||     1
       Banish            |       |       |     1 |       ||     1
Evoke: Wand              |       |       |     2 |       ||     2
  Use: Scroll            |     3 |       |    13 |       ||    16
       Potion            |       |       |     9 |       ||     9
 Stab: Sleeping          |       |       |     3 |       ||     3
Armor: Ring mail         |    54 |    82 |   142 |    21 ||   299
Dodge: Dodged            |    82 |   121 |   276 |    39 ||   518

Table legend: (Time is in decaauts)
 A = Elapsed time spent in this place.
 B = Non-inter-level travel time spent in this place.
 C = Inter-level travel time spent in this place.
 D = Time resting spent in this place.
 E = Time spent auto-exploring this place.
 F = Levels seen in this place.
 G = Mean time per level.
                   A        B        C        D        E       F      G
               +--------+--------+--------+--------+--------+-----+--------+
         Total |   7841 |   7667 |    174 |    635 |   5193 |  10 |  784.1 |
       Dungeon |   7726 |   7552 |    174 |    635 |   5103 |   8 |  965.8 |
         Abyss |    115 |    115 |      0 |      0 |     90 |   2 |   57.5 |
               +--------+--------+--------+--------+--------+-----+--------+

Top non-repeatable levels by time:
     D:7: 1482 daAuts
     D:4: 1232 daAuts
     D:5: 1060 daAuts
     D:6: 1048 daAuts
     D:2: 881 daAuts
     D:8: 720 daAuts
     D:3: 699 daAuts
     D:1: 600 daAuts
 Abyss:2: 78 daAuts
 Abyss:1: 37 daAuts
